 Dungeon Crawl Stone Soup version 0.30.1-3-gfc49f6343a (webtiles) character file.

Game seed: 16461830059894705009

107 Pepete the Firebug (level 4, -8/33 HPs)
             Began as a Draconian Fire Elementalist on July 27, 2023.
             Mangled by a gnoll
             ... wielding a +2 whip of electrocution
              (12 damage)
             ... on level 3 of the Dungeon.
             The game lasted 00:04:01 (5893 turns).

Pepete the Firebug (Draconian Fire Elementalist)    Turns: 5893, Time: 00:04:02

Health: -8/33      AC:  5    Str: 10    XL:     4   Next: 57%
Magic:  8/8        EV: 12    Int: 24    God:
Gold:   112        SH:  0    Dex: 11    Spells: 5/8 levels left

rFire   . . .        i - +0 whip
rCold   . . .        (no shield)
rNeg    . . .        (body armour unavailable)
rPois   .            (helmet restricted)
rElec   .            (no cloak)
rCorr   .            (no gloves)
SInv    .            (no boots)
Will    .....        (no amulet)
Stlth   ++           b - +6 ring of intelligence
HPRegen 0.25/turn    (no ring)
MPRegen 0.11/turn

%: no passive effects
@: no status effects
A: AC +5, unfitting armour, cold-blooded
a: no special abilities


You were on level 3 of the Dungeon.
You visited 1 branch of the dungeon, and saw 3 of its levels.

You collected 112 gold pieces.

Inventory:

Hand Weapons
 i - a +0 whip (weapon)
Jewellery
 b - a +6 ring of intelligence (left hand)
Scrolls
 c - 4 scrolls of identify
 d - a scroll of enchant armour {unknown}
 e - a scroll of immolation {unknown}
 f - a scroll of blinking {unknown}
 g - 2 scrolls of teleportation {unknown}
 k - a scroll of poison {unknown}
Potions
 a - 2 potions of magic
 h - 3 potions of degeneration
 j - a potion of heal wounds {unknown}


   Skills:
 + Level 2.7 Dodging
 - Level 1.7 Stealth
 + Level 2.8 Spellcasting
 + Level 2.2 Conjurations
 + Level 3.7 Fire Magic


You had 5 spell levels left.
You knew the following spells:

 Your Spells              Type           Power      Damage    Failure   Level
a - Foxfire               Conj/Fire      68%        2x1d7     3%          1
b - Scorch                Fire           42%        2d6       3%          2

Your spell library contained the following spells:

 Spells                   Type           Power      Damage    Failure   Level
 Inner Flame              Hex/Fire       12%        N/A       16%         3
 Volatile Blastmotes      Fire/Tloc      24%        2d12      16%         3
 Hailstorm                Conj/Ice       8%         3d4       21%         3
 Stone Arrow              Conj/Erth      16%        3d8       21%         3
 Flame Wave               Conj/Fire      17%        2d7       32%         4
 Ice Form                 Ice/Tmut       3%         N/A       73%         4
 Simulacrum               Ice/Necr       1%         N/A       100%        6
 Lehudib's Crystal Spear  Conj/Erth      4%         10d3      100%        8
 Animate Armour           Summ/Erth      Unusable   N/A       N/A         4

Dungeon Overview and Level Annotations

Branches:
Dungeon (3/15)

Altars:


Innate Abilities, Weirdness & Mutations

Your plain brown scales are hard. (AC +5)
You cannot fit into any form of body armour.
You are cold-blooded and may be slowed by cold attacks.


Message History

The gnoll enters a dispersal trap!
The gnoll blinks!
You blink.
You start resting.
A gnoll is nearby!
A gnoll is nearby!
A gnoll is nearby!
A gnoll is nearby!
Casting: Foxfire (safe; 3% risk of failure)
Confirm with . or Enter, or press ? or * to list all spells.
You conjure some foxfire!
The foxfire hits the gnoll but does no damage.
The gnoll is moderately wounded.
Unknown command.
The foxfire hits the gnoll.
The gnoll is heavily wounded.
Casting: Foxfire (safe; 3% risk of failure)
Confirm with . or Enter, or press ? or * to list all spells.
You conjure some foxfire!
The foxfire hits the gnoll.
The gnoll is severely wounded.
The foxfire hits the gnoll.
The gnoll is severely wounded.
Unknown command.
You barely miss the gnoll.
You tail-slap the gnoll, but do no damage.
The gnoll is severely wounded.
The gnoll misses you.
You closely miss the gnoll.
Your tail-slap misses the gnoll.
The gnoll is severely wounded.
The gnoll closely misses you.
You hit the gnoll.
The gnoll is almost dead.
The gnoll hits you with a +0 whip. The gnoll completely misses you.
The gnoll hits you but does no damage.
You are electrocuted!
Unknown command.
Okay, then.
Magic courses through your body. The gnoll closely misses you.
The gnoll hits you with a +2 whip of electrocution!
* * * LOW HITPOINT WARNING * * *
You are electrocuted!
You die...

###~≈≈~..## #
#~≈≈~~..# #
#~~≈≈~#.# #
##~≈≈~~.## #
#~~≈≈~[.# #
##~≈≈~~.# #
#~~≈≈~.## #####
##~≈≈~..# #...# #
#~≈≈~~.# #.@.#
######~~≈≈~.###gg.#
.....##~≈≈~.......#
.....##~≈≈~..##.###
.....##~≈≈~..##.###
.....##~≈≈~.)##.§.#
.....#~~≈≈~.....#.#
.....#r≈≈~~.......#
.....#~≈≈~..<...###


You could see 2 gnolls.

Vanquished Creatures
  2 gnolls (D:3)
  An adder (D:2)
  3 dart slugs
  6 orcs (D:3)
  5 ball pythons
  5 bats
  7 endoplasms (D:1)
  4 giant cockroaches
  2 goblins
  6 hobgoblins
  8 jackals
  4 frilled lizards
  4 kobolds
  5 rats
62 creatures vanquished.

Vanquished Creatures (others)
  257 foxfires
257 creatures vanquished.

Grand Total: 319 creatures vanquished

Notes
Turn   | Place    | Note
-------+----------+-------------------------------------------
     0 | D:1      | Pepete the Draconian Fire Elementalist began the quest for
                  | the Orb.
     0 | D:1      | Reached XP level 1. HP: 14/14 MP: 3/3
   787 | D:1      | Reached XP level 2. HP: 20/20 MP: 0/5
  1655 | D:1      | Learned a level 2 spell: Scorch
  2018 | D:1      | Reached XP level 3. HP: 26/26 MP: 2/6
  3662 | D:2      | Found a faded altar of an unknown god.
  5028 | D:3      | Reached XP level 4. HP: 33/33 MP: 0/7
  5893 | D:3      | Mangled by a gnoll

Illustrated notes

Levels and vault maps discovered:
D:1:      ncdulo_watergridlock, layout_basic, corexii_leaking_fountain,
          minmay_3d_cube
D:2:      layout_loops_ring, hellmonk_ecumenical_altar_pennies_from_heaven,
          minmay_pentomino_w2
D:3:      wander_river, layout_basic, nicolae_elyvilon_temple_path,
          serial_shops, shop, minmay_pentomino_pile

Skill      XL: |  1  2  3 |
---------------+----------+-----
Dodging        | 2 |  2.7
Conjurations   | 2 |  2.2
Stealth        | |  1.7
Spellcasting   | |  2.8
Fire Magic     | |  3.7

Action                     |  1- 3 |  4- 6 || total
---------------------------+-------+-------++-------
  Melee: Unarmed           |    21 |       ||    21
         Tailslap          |     6 |     2 ||     8
         Whip              |     1 |    10 ||    11
   Cast: Foxfire           |   134 |    28 ||   162
         Scorch            |     5 |     6 ||    11
    Use: Scroll            |       |     1 ||     1
         Potion            |       |     1 ||     1
 Armour: Skin              |    16 |     3 ||    19
  Dodge: Dodged            |    29 |    10 ||    39
